AoeStats
← yt536390

Arabia

510398770Analyzed
1v1 RM · 2d ago on Sep 30, 2026· 48m 24s· 2 players
Game mode
Random Map
Map size
Tiny (2 player)
Population
200
Speed
Normal
Resources
Standard
Victory
Conquest
Starting age
Dark Age
Ending age
Imperial Age
RankedLock teamsTeams togetherTeam positionsShared explorationLock speedFull tech treeHidden civsTurbo modeCheats
Victory
Defeat
🇦🇷 Poles · Argentina
1830
+16
🇨🇳 Tatars · China
1840
-16
AstroPlayer24
6:51 Loom
9:08 Feudal Age
9:46 Double-Bit Axe
9:41 Horse Collar
19:40 Castle Age
18:24 Gold Mining
21:24 Bow Saw
21:14 Heavy Plow
22:30 Wheelbarrow
23:49 Town Watch
24:36 Hand Cart
29:57 Imperial Age
28:19 Stone Mining
30:30 Bloodlines
30:20 Husbandry
29:42 Light Cavalry
30:48 Scale Barding Armor
30:54 Forging
31:17 Lechitic Legacy
31:22 Conscription
31:23 Lechitic Legacy
31:42 Crop Rotation
31:16 Town Patrol
31:11 Winged Hussar
33:43 Chain Barding Armor
34:02 Iron Casting
35:00 Chemistry
36:00 Blast Furnace
35:39 Fletching
37:01 Ballistics
42:54 Siege Engineers
48:11 Bodkin Arrow
48:29 Masonry
48:00 Treadmill Crane
yt536390
6:33 Loom
8:50 Feudal Age
12:43 Double-Bit Axe
12:41 Horse Collar
19:15 Castle Age
19:00 Gold Mining
20:30 Bow Saw
21:09 Heavy Plow
22:19 Wheelbarrow
26:28 Stone Mining
30:10 Imperial Age
28:01 Scale Barding Armor
28:29 Forging
29:03 Chain Barding Armor
30:16 Gold Shaft Mining
30:10 Forging
30:47 Bloodlines
31:45 Plate Barding Armor
31:18 Husbandry
32:33 Iron Casting
31:58 Light Cavalry
32:39 Fletching
33:29 Hand Cart
32:52 Elite Steppe Lancer
33:45 Fletching
34:55 Blast Furnace
34:04 Padded Archer Armor
34:34 Bodkin Arrow
35:48 Chemistry
35:09 Ballistics
35:34 Heavy Cavalry Archer
41:17 Bracer
42:12 Leather Archer Armor
44:21 Ring Archer Armor
44:29 Heavy Camel Rider
Connection lost

Rejoining the realm…

Still unreachable

The connection could not be restored.

Session expired

The server has moved on; the page needs a fresh start.